 Dungeon Crawl Stone Soup version 0.29-a0-821-g66395355a5 (webtiles) character file.

Game seed: 3422499473430080380

127 xian the Conjurer (level 5, -4/32 HPs)
             Began as an Octopode Conjurer on July 7, 2022.
             Slain by a gnoll
             ... wielding a +0 flail
              (10 damage)
             ... on level 2 of the Dungeon.
             The game lasted 00:04:16 (1939 turns).

xian the Conjurer (Octopode Conjurer)               Turns: 1939, Time: 00:04:17

Health: -4/32      AC:  1    Str:  6    XL:     5   Next: 11%
Magic:  2/9        EV: 13    Int: 22    God:
Gold:   97         SH:  0    Dex: 11    Spells: 6/9 levels left

rFire   . . .      SeeInvis .   c - +0 short sword
rCold   . . .      Faith    .   (no shield)
rNeg    . . .      Spirit   .   (helmet restricted)
rPois   .          Reflect  .   (no amulet)
rElec   .          Harm     .   (no ring)
rCorr   .          Rampage  .   (no ring)
Will    .....                   (no ring)
Stlth   +++.......              (no ring)
HPRegen 0.10/turn               (no ring)
MPRegen 0.11/turn               (no ring)
                                (no ring)
                                (no ring)

@: no status effects
A: almost no armour, amphibious, 8 rings, camouflage 1, gelatinous body 1,
(nimble swimmer 1), tentacles
a: no special abilities


You were on level 2 of the Dungeon.
You visited 1 branch of the dungeon, and saw 2 of its levels.

You collected 97 gold pieces.

Inventory:

Hand Weapons
 c - a +0 short sword (weapon)
Missiles
 b - 2 throwing nets
Scrolls
 i - a scroll of teleportation
 k - a scroll of fog {unknown}
Potions
 a - a potion of magic
 d - a potion of lignification {unknown}
 e - a potion of resistance {unknown}
 f - a potion of berserk rage {unknown}
 g - a potion of invisibility {unknown}
 h - a potion of heal wounds {unknown}
 j - a potion of brilliance {unknown}


   Skills:
 + Level 0.4 Fighting
 + Level 1.8 Short Blades
 + Level 2.1 Dodging
 + Level 3.6 Stealth
 + Level 0.1 Unarmed Combat
 + Level 2.7 Spellcasting
 + Level 5.0 Conjurations


You had 6 spell levels left.
You knew the following spells:

 Your Spells              Type           Power      Damage    Failure   Level
a - Magic Dart            Conj           100%       1d8       1%          1
b - Searing Ray           Conj           50%        2d6       2%          2

Your spell library contained the following spells:

 Spells                   Type           Power      Damage    Failure   Level
 Dazzling Flash           Conj/Hex       28%        N/A       14%         3
 Fulminant Prism          Conj/Hex       7%         3d7       41%         4
 Iskenderun's Mystic Bla  Conj/Tloc      14%        2d5       41%         4


Dungeon Overview and Level Annotations

Branches:
Dungeon (2/15)

Altars:
Uskayaw


Innate Abilities, Weirdness & Mutations

You cannot wear most types of armour.
You are amphibious.
You can wear up to eight rings at the same time.
Your skin changes colour to match your surroundings (Stealth+).
Your rubbery body absorbs attacks. (AC +1, EV +1)
((You are camouflaged when in or above water. (Stealth+)))
You have tentacles for arms and can constrict up to eight enemies at once.


Message History

The magic dart hits the gnoll.
The gnoll is severely wounded.
The magic dart hits the gnoll.
You kill the gnoll!
A goblin comes into view. It is wielding a +0 club.
The magic dart hits the goblin!
You kill the goblin!
Your Conjurations skill increases to level 5!
A kobold comes into view. It is wielding a +0 club.
The magic dart hits the kobold.
The kobold is severely wounded.
The kobold shouts!
The kobold throws a stone.
The stone barely misses you.
The magic dart hits the kobold.
You kill the kobold!
The gnoll shouts!
You are out of magic!
A gnoll comes into view. It is wielding a +0 whip.
The gnoll barely misses you.
The gnoll shouts!
You hit the gnoll but do no damage. You grab the gnoll.
You constrict the gnoll, but do no damage.
The gnoll misses you.
You hit the gnoll.
The gnoll is lightly wounded.
You constrict the gnoll. The gnoll hits you with a +0 flail.
You hit the gnoll but do no damage.
The gnoll is lightly wounded.
You constrict the gnoll. The gnoll hits you with a +0 flail!
You hit the gnoll but do no damage.
The gnoll is moderately wounded.
You constrict the gnoll. The gnoll barely misses you.
You hit the gnoll. You squeeze the gnoll.
The gnoll is severely wounded.
You constrict the gnoll. The gnoll hits you with a +0 flail!
You release your grip on the gnoll.
The gnoll attacks as you move away! The gnoll hits you with a +0 flail!
* * * LOW HITPOINT WARNING * * *
The gnoll attacks as you move away! The gnoll hits you with a +0 flail!
You die...

...####################
...#.[.#.'...#.!......#
...#.8.#.###.#........#
...#...#...#.#........#
...#'#####.#†#........###
...##.##...#.#.........).
.#.#.###'###.#...........
...#.##†##.'.#...g.......
...##..###.###..@g..)....
...#####..†.#...######.).
...#...'.##.#...# .
...#.###..#.#.#.#
...#.†.##...#...#
...###'######.###
........#.....#
........#.###.#
..##....#.###.#


You could see 2 gnolls.

Vanquished Creatures
  Jessica (D:2)
  3 gnolls
  2 adders (D:2)
  2 worms (D:2)
  A dart slug (D:1)
  4 ball pythons (D:1)
  5 bats
  3 endoplasms (D:1)
  A giant cockroach (D:1)
  A goblin (D:2)
  6 hobgoblins
  7 jackals (D:1)
  5 quokkas
  A kobold (D:2)
  3 rats
45 creatures vanquished.

Notes
Turn   | Place    | Note
-------+----------+-------------------------------------------
     0 | D:1      | xian the Octopode Conjurer began the quest for the Orb.
     0 | D:1      | Reached XP level 1. HP: 11/11 MP: 3/3
   393 | D:1      | Reached XP level 2. HP: 17/17 MP: 3/5
   428 | D:1      | Found a faded altar of an unknown god.
   894 | D:1      | Reached XP level 3. HP: 21/21 MP: 3/6
   899 | D:1      | Learned a level 2 spell: Searing Ray
  1426 | D:2      | Found a hide-covered altar of Uskayaw.
  1436 | D:2      | Reached XP level 4. HP: 27/27 MP: 4/8
  1575 | D:2      | Noticed Jessica
  1581 | D:2      | Killed Jessica
  1582 | D:2      | Reached skill level 1 in Short Blades
  1883 | D:2      | Reached XP level 5. HP: 32/32 MP: 2/9
  1917 | D:2      | Reached skill level 5 in Conjurations
  1939 | D:2      | Slain by a gnoll

Illustrated notes

Levels and vault maps discovered:
D:1:      dpeg_chamrin_arrival_tetris, layout_basic,
          shapermc_ecumenical_altar_acropolis
D:2:      minmay_chambers_of_ones, layout_basic, basic_altar,
          uniq_crazy_yiuf_cottage, uniq_jessica

Skill      XL: |  1  2  3  4  5 |
---------------+----------------+-----
Stealth        | 3 |  3.6
Short Blades   | 1 |  1.8
Conjurations   | 5 |  5.0
Fighting       | |  0.4
Dodging        | |  2.1
Unarmed Combat | |  0.1
Spellcasting   | |  2.7

Action                   |  1- 3 |  4- 6 || total
-------------------------+-------+-------++-------
Melee: Unarmed           |     4 |       ||     4
       Constrict         |     5 |     1 ||     6
       Short sword       |    10 |     5 ||    15
       Tentacles         |     4 |     1 ||     5
 Cast: Magic Dart        |    56 |    28 ||    84
       Searing Ray       |     2 |     4 ||     6
  Use: Scroll            |     2 |       ||     2
Armor: Skin              |     1 |     1 ||     2
Dodge: Dodged            |    21 |     4 ||    25

Table legend: (Time is in decaauts)
 A = Elapsed time spent in this place.
 B = Non-inter-level travel time spent in this place.
 C = Inter-level travel time spent in this place.
 D = Time resting spent in this place.
 E = Time spent auto-exploring this place.
 F = Levels seen in this place.
 G = Mean time per level.
                   A        B        C        D        E       F      G
               +--------+--------+--------+--------+--------+-----+--------+
         Total |   1939 |   1922 |     17 |      0 |   1653 |   2 |  969.5 |
       Dungeon |   1939 |   1922 |     17 |      0 |   1653 |   2 |  969.5 |
               +--------+--------+--------+--------+--------+-----+--------+

Top non-repeatable levels by time:
     D:1: 1327 daAuts
     D:2: 611 daAuts
